Map: Orbital Shipyard

Players

Miszu

  • Race: Terran Terran
  • League: Master

Scandi - Winner!

  • Race: Terran Terran
  • League: Grandmaster

VOD

Have the link to the VOD?

Description

Time

  • Played on: March 18, 2016, 3:17 p.m.
  • Length: 2:47
Show
View Real Time Build Order
Export as new Build Order

Miszu Terran 

Build Orders:  

Get SALT Encoding   

  12  0:00  SCV  
  13  0:13  SCV  
  14  0:20  Supply Depot  
  14  0:25  SCV  
  15  0:41  SCV  
  16  0:49  Barracks  
  16  0:51  Refinery  
  16  0:53  SCV  
  16  0:55  Refinery  
  17  1:05  SCV  
  18  1:17  SCV  
  19  1:30  SCV  
  20  1:38  Marine  
  20  1:39  Factory  
  21  1:42  Orbital Command  
  21  1:44  Supply Depot  
  21  1:57  Barracks Reactor  
  21  2:07  SCV  
  22  2:16  Supply Depot  
  22  2:19  SCV  
  22  2:23  Hellion  
  24  2:31  SCV  
Show
View Real Time Build Order
Export as new Build Order

Scandi Terran - Winner!

Build Orders:  

Get SALT Encoding   

  12  0:01  SCV  
  13  0:17  Supply Depot  
  13  0:40  Barracks  
  13  0:48  Barracks  
  13  1:03  Barracks  
  13  1:14  SCV  
  14  1:27  Marine  
  14  1:28  Barracks  
  15  1:35  Marine  
  16  1:47  Marine  
  16  1:50  Marine  
  16  1:53  Marine  
  19  2:05  Marine  
  19  2:08  Marine  
  20  2:12  Marine  
  22  2:16  Marine  
  23  2:31  Bunker  
Tags
 
Add a new tag
Caveats
  • Supply blocks, unpowered buildings, or Contaminate may cause inaccurate times.
  • Supply counts are checked every 10 seconds.